 Dungeon Crawl Stone Soup version 0.31-a0-1204-ge2c1a860ed (webtiles) character file.

Game seed: 3370559347546067988

68 lunkers the Insei (level 4, -2/35 HPs)
             Began as a Meteoran Shapeshifter on Dec 12, 2023.
             Slain by an orc
             ... wielding a +0 falchion
              (8 damage)
             ... on level 3 of the Dungeon.
             The game lasted 00:01:10 (640 turns).

lunkers the Insei (Meteoran Shapeshifter)            Turns: 640, Time: 00:01:11

Health: -2/35      AC:  2    Str: 15    XL:     4   Next: 68%
Magic:  5/5        EV: 12    Int: 12    God:
Gold:   41         SH:  0    Dex: 15    Spells: 3/3 levels left

rFire   . .          .
                       - Unarmed
rCold   . . .        (no shield)
rNeg    . . .        a - +0 animal skin
rPois   .            (helmet currently unavailable)
rElec   .            (cloak currently unavailable)
rCorr   .            (gloves currently unavailable)
SInv    .            (boots currently unavailable)
Will    .....        (no amulet)
Stlth   +            (no ring)
HPRegen 0.25/turn    (no ring)
MPRegen 0.09/turn

%: no passive effects
@: beast-form, glowing
A: beast (slay +2), sense surroundings 1, otherworldly, glowing, explore regen
a: Begin Untransformation


You were on level 3 of the Dungeon.
You were a hulking beast.
You visited 1 branch of the dungeon, and saw 3 of its levels.

You collected 41 gold pieces.

Inventory:

Armour
 a - a +0 animal skin (worn)
 l - a +0 buckler
Talismans
 c - a beast talisman
 d - a flux talisman
Scrolls
 e - 2 scrolls of identify {unknown}
 f - a scroll of immolation {unknown}
 g - a scroll of amnesia {unknown}
 h - 2 scrolls of fear {unknown}
 i - a scroll of noise {unknown}
 j - a scroll of enchant armour {unknown}
Potions
 k - a potion of ambrosia {unknown}


   Skills:
 - Level 1.1 Fighting
 - Level 2.1 Dodging
 * Level 5.3 Unarmed Combat
 + Level 4.3 Shapeshifting


You had 3 spell levels left.
You didn't know any spells.
Your spell library contained the following spells:

 Spells                   Type           Power      Damage    Failure   Level
 Ensorcelled Hibernation  Hex/Ice        0%         N/A       45%         2
 Jinxbite                 Hex            0%         N/A       45%         2
 Anguish                  Hex/Necr       0%         N/A       97%         4


Dungeon Overview and Level Annotations

Branches:
Dungeon (3/15) Zot: 1163

Altars:


Innate Abilities, Weirdness & Mutations

You are a hulking beast.
Your limbs bulge with bestial killing power. (Slay +2)
You passively map a small area around you.
You are easily found by Zot.
You glow in the dark.
You regain HP and MP as you explore.


Message History

You completely miss the orc.
A jackal comes into view.
The orc throws a boomerang.
The boomerang closely misses you. The orc hits you with a +0 dagger.
You hit the orc.
The orc is almost dead.
The orc closely misses you. The orc barely misses you.
You punch the orc!
You kill the orc!
The orc barely misses you. The orc closely misses you.
You hit the orc.
The orc is severely wounded.
The ball python bites you. The ball python grabs you.
The ball python constricts you. The orc hits you with a +0 falchion.
The orc barely misses you.
You hit the ball python.
You kill the ball python!
The orc hits you with a +1 heavy flail!
* * * LOW HITPOINT WARNING * * *
The orc closely misses you. The orc hits you with a +0 falchion.
* * * LOW HITPOINT WARNING * * *
You are too injured to fight recklessly!
You are too injured to fight recklessly!
Unknown command.
The orc attacks as it pursues you! The orc hits you with a +0 falchion.
* * * LOW HITPOINT WARNING * * *
The orc attacks as it pursues you! The orc barely misses you.
The orc throws a boomerang.
The boomerang hits you.
* * * LOW HITPOINT WARNING * * *
The orc attacks as it pursues you! The orc hits you with a +0 hand axe.
* * * LOW HITPOINT WARNING * * *
The orc attacks as it pursues you! The orc misses you.
The orc attacks as it pursues you! The orc barely misses you.
The orc attacks as it pursues you! The orc misses you.
The orc attacks as it pursues you! The orc hits you with a +0 falchion.
* * * LOW HITPOINT WARNING * * *
You hit the orc.
The orc is almost dead.
The orc hits you with a +0 falchion!
You die...

*, ........#
###.#........
* ........#
#...#........
,, ........#
#.###########
........###.#
,
##..........#
,
#######.####
* ######
##..# #....#
#..## #....#
#h## , *
,#....###o# ,
#....#..h# *
#....#o###
#......#
#....o##
#####,#.?...#
,
......#....##
#.......#


You could see 3 orcs and a jackal.

Vanquished Creatures
  Terence (D:2)
  3 adders (D:2)
  An orc (D:3)
  A ball python (D:3)
  2 endoplasms
  A goblin (D:1)
  3 hobgoblins
  2 kobolds (D:2)
  A bat (D:2)
  2 rats
17 creatures vanquished.

Notes
Turn   | Place    | Note
-------+----------+-------------------------------------------
     0 | D:1      | lunkers the Meteoran Shapeshifter began the quest for the
                  | Orb.
     0 | D:1      | Reached XP level 1. HP: 16/16 MP: 2/2
   159 | D:1      | Reached XP level 2. HP: 23/23 MP: 3/3
   228 | D:2      | Reached skill level 4 in Unarmed Combat
   363 | D:2      | Reached XP level 3. HP: 26/28 MP: 4/4
   530 | D:2      | Noticed Terence
   545 | D:2      | Killed Terence
   546 | D:2      | Reached skill level 5 in Unarmed Combat
   546 | D:2      | Reached XP level 4. HP: 25/35 MP: 5/5
   640 | D:3      | Slain by an orc

Illustrated notes

Levels and vault maps discovered:
D:1:      amcnicky_arrival_blooded_trapdoor, layout_basic, serial_shops, shop
D:2:      layout_basic, uniq_terence
D:3:      layout_basic, st_stairs_12, uniq_natasha, uniq_robin

Skill      XL: |  1  2  3 |
---------------+----------+-----
Unarmed Combat | 4 5 |  5.3
Shapeshifting  | 4 |  4.3
Fighting       | |  1.1
Dodging        | |  2.1

Action                     |  1- 3 |  4- 6 || total
---------------------------+-------+-------++-------
  Melee: Unarmed           |    39 |     9 ||    48
         Punch             |     3 |       ||     3
    Use: Potion            |     1 |       ||     1
 Armour: Animal skin       |    27 |    10 ||    37
         Skin              |     5 |       ||     5
  Dodge: Dodged            |    18 |    14 ||    32

Table legend: (Time is in decaauts)
 A = Elapsed time spent in this place.
 B = Non-inter-level travel time spent in this place.
 C = Inter-level travel time spent in this place.
 D = Time resting spent in this place.
 E = Time spent auto-exploring this place.
 F = Levels seen in this place.
 G = Mean time per level.
                   A        B        C        D        E       F      G
               +--------+--------+--------+--------+--------+-----+--------+
         Total |    635 |    635 |      0 |     21 |    459 |   3 |  211.7 |
       Dungeon |    635 |    635 |      0 |     21 |    459 |   3 |  211.7 |
               +--------+--------+--------+--------+--------+-----+--------+

Top non-repeatable levels by time:
     D:2: 345 daAuts
     D:1: 221 daAuts
     D:3: 68 daAuts
